 Dungeon Crawl Stone Soup version 0.26-a0-649-gf8c6c3aab7 (webtiles) character file.

Game seed: 14076985130154816800

58 flotson the Slasher (level 4, -2/41 HPs)
             Began as a Gnoll Wanderer on Sept 26, 2020.
             Slain by an ogre
             ... wielding a cursed -1 giant spiked club
              (26 damage)
             ... on level 2 of the Dungeon.
             The game lasted 00:01:57 (1106 turns).

flotson the Slasher (Gnoll Wanderer)                Turns: 1106, Time: 00:01:58

Health: -2/41      AC:  7    Str: 11    XL:     4   Next: 1%
Magic:  5/5        EV: 10    Int: 16    God:
Gold:   164        SH:  5    Dex: 17    Spells: 5/5 levels left

rFire    . . .     SeeInvis +   b - +0 hunting sling
rCold    . . .     Faith    .   c - +0 buckler
rNeg     . . .     Spirit   .   k - +0 ring mail
rPois    .         Reflect  .   (no helmet)
rElec    .         Harm     .   (no cloak)
rCorr    .         Rampage  .   d - +1 pair of gloves
MR       .....                  (no boots)
Stlth    +.........             (no amulet)
HPRegen  0.13/turn              n - ring of see invisible
MPRegen  0.09/turn              (no ring)

@: no status effects
A: distributed training, fangs 1, strong nose
a: no special abilities


You were on level 2 of the Dungeon.
You visited 1 branch of the dungeon, and saw 2 of its levels.

You collected 164 gold pieces.

Inventory:

Hand Weapons
 a - a +2 short sword of draining
 b - a +0 hunting sling (weapon)
 p - a +2 dagger of speed
Missiles
 l - 16 sling bullets (quivered)
Armour
 c - a +0 buckler (worn)
 d - a +1 pair of gloves (worn)
 k - a +0 ring mail (worn)
Jewellery
 n - a ring of see invisible (left hand)
Scrolls
 e - a scroll of teleportation {unknown}
 h - a scroll of enchant weapon {unknown}
 j - 2 scrolls of remove curse {unknown}
 o - a scroll of identify {unknown}
Potions
 f - 2 potions of degeneration {unknown}
 g - 2 potions of curing {unknown}
 i - a potion of magic {unknown}
 m - a potion of ambrosia {unknown}
 q - a potion of lignification {unknown}
 r - a potion of mutation {unknown}


   Skills:
 + Level 6.5 Fighting
 + Level 1.0 Short Blades
 + Level 6.5 Long Blades
 + Level 4.6 Axes
 + Level 1.0 Maces & Flails
 + Level 1.0 Polearms
 + Level 1.0 Staves
 + Level 1.0 Slings
 + Level 1.0 Bows
 + Level 1.0 Crossbows
 + Level 1.0 Throwing
 + Level 1.0 Armour
 + Level 1.0 Dodging
 + Level 1.0 Stealth
 + Level 2.7 Shields
 + Level 1.0 Unarmed Combat
 + Level 1.0 Spellcasting
 + Level 0.7 Conjurations
 + Level 0.7 Hexes
 + Level 0.7 Summonings
 + Level 0.7 Necromancy
 + Level 0.7 Translocations
 + Level 0.7 Transmutations
 + Level 0.7 Fire Magic
 + Level 0.7 Ice Magic
 + Level 0.7 Air Magic
 + Level 0.7 Earth Magic
 + Level 0.7 Poison Magic
 + Level 1.1 Invocations
 + Level 2.7 Evocations


You had 5 spell levels left.
You didn't know any spells.
Your spell library was empty.

Dungeon Overview and Level Annotations

Branches:
Dungeon (2/15)

Altars:


Innate Abilities, Weirdness & Mutations

Your experience applies equally to all skills.
You have very sharp teeth.
Your uncanny sense of smell can sniff out nearby items.


Message History

You shoot a sling bullet.
The sling bullet hits the ogre but does no damage.
The ogre is lightly wounded.
You hear a splash.
You shoot a sling bullet. The sling bullet hits the ogre.
The ogre is moderately wounded.
You shoot a sling bullet.
The sling bullet barely misses the ogre.
The ogre hits you with a cursed -1 giant spiked club!!
You shoot a sling bullet.
The sling bullet barely misses the ogre.
You hear a splash.
The ogre closely misses you.
A frilled lizard comes into view.
You shoot a sling bullet.
The sling bullet barely misses the ogre.
You hear a splash.
The ogre hits you with a cursed -1 giant spiked club!!
Ouch! That really hurt!
You die...

#. (≈≈≈≈..≈≈≈..#.. ##
..(≈l._≈≈≈≈≈.#.. ## ##
.(≈≈≈≈♣≈≈≈≈≈.... . .#
.≈≈≈≈≈≈≈≈≈≈..... .#.#
≈≈≈≈≈≈≈≈≈≈≈.≈.... ...
..≈≈≈(≈≈≈≈≈≈.#(..#####.#
.≈≈.≈≈≈≈..≈.........##.##
.(...≈.O@..............†.
#.......##.........#..##
#..#.##.# #...##....##
...#.##.#####...##))....
∆...........##...#...(†.†
##.#......)........†....
#.#..#.##....(.........
#............###......#
###..#.##.#### #.......


You could see an ogre and a frilled lizard.

Vanquished Creatures
  2 adders (D:2)
  A dart slug (D:2)
  A leopard gecko (D:2)
  2 giant cockroaches (D:2)
  5 goblins
  5 hobgoblins (D:1)
  A ball python (D:1)
  9 bats
  5 frilled lizards
  5 kobolds
  A rat (D:1)
37 creatures vanquished.

Notes
Turn   | Place    | Note
-------+----------+-------------------------------------------
     0 | D:1      | flotson the Gnoll Wanderer began the quest for the Orb.
     0 | D:1      | flotson set off with the following items: a +2 falchion, a
                  | +0 ring mail, a +0 buckler
     0 | D:1      | Reached XP level 1. HP: 23/23 MP: 1/1
   216 | D:1      | Reached XP level 2. HP: 27/29 MP: 2/2
   613 | D:1      | Reached XP level 3. HP: 35/35 MP: 3/3
   830 | D:2      | Reached skill level 1 in Invocations
   840 | D:2      | Reached skill level 1 in Short Blades
   840 | D:2      | Reached skill level 1 in Maces & Flails
   840 | D:2      | Reached skill level 1 in Polearms
   840 | D:2      | Reached skill level 1 in Staves
   840 | D:2      | Reached skill level 1 in Slings
   840 | D:2      | Reached skill level 1 in Bows
   840 | D:2      | Reached skill level 1 in Crossbows
   840 | D:2      | Reached skill level 1 in Throwing
   840 | D:2      | Reached skill level 1 in Armour
   840 | D:2      | Reached skill level 1 in Dodging
   840 | D:2      | Reached skill level 1 in Stealth
   840 | D:2      | Reached skill level 1 in Unarmed Combat
   840 | D:2      | Reached skill level 1 in Spellcasting
  1021 | D:2      | Reached XP level 4. HP: 41/41 MP: 5/5
  1095 | D:2      | Found a faded altar of an unknown god.
  1096 | D:2      | Noticed an ogre
  1106 | D:2      | Slain by an ogre

Illustrated notes

Levels and vault maps discovered:
D:1:      lightli_arrival_isolated_outpost, layout_basic
D:2:      layout_loops_cross, overflow_temple_1_default,
          grunt_gozag_breadcrumbs, chequers_ecumenical_altar_island,
          uniq_jessica

Skill      XL: |  1  2  3 |
---------------+----------+-----
Invocations    | 1 |  1.1
Short Blades   | 1 |  1.0
Maces & Flails | 1 |  1.0
Polearms       | 1 |  1.0
Staves         | 1 |  1.0
Slings         | 1 |  1.0
Bows           | 1 |  1.0
Crossbows      | 1 |  1.0
Throwing       | 1 |  1.0
Armour         | 1 |  1.0
Dodging        | 1 |  1.0
Stealth        | 1 |  1.0
Unarmed Combat | 1 |  1.0
Spellcasting   | 1 |  1.0
Fighting       | |  6.5
Long Blades    | |  6.5
Axes           | |  4.6
Shields        | |  2.7
Conjurations   | |  0.7
Hexes          | |  0.7
Summonings     | |  0.7
Necromancy     | |  0.7
Translocations | |  0.7
Transmutations | |  0.7
Fire Magic     | |  0.7
Ice Magic      | |  0.7
Air Magic      | |  0.7
Earth Magic    | |  0.7
Poison Magic   | |  0.7
Evocations     | |  2.7

Action                   |  1- 3 |  4- 6 || total
-------------------------+-------+-------++-------
Melee: Falchion          |    48 |       ||    48
       Bite              |     3 |       ||     3
       Short sword       |    27 |     1 ||    28
 Fire: Hunting sling     |       |     9 ||     9
Armor: Ring mail         |    51 |       ||    51
Dodge: Dodged            |    37 |     1 ||    38
Block: Buckler           |    15 |     1 ||    16
       Rpst.: Falchion   |     3 |       ||     3

Table legend: (Time is in decaauts)
 A = Elapsed time spent in this place.
 B = Non-inter-level travel time spent in this place.
 C = Inter-level travel time spent in this place.
 D = Time resting spent in this place.
 E = Time spent auto-exploring this place.
 F = Levels seen in this place.
 G = Mean time per level.
                   A        B        C        D        E       F      G
               +--------+--------+--------+--------+--------+-----+--------+
         Total |   1107 |   1067 |     40 |      0 |    826 |   2 |  553.5 |
       Dungeon |   1107 |   1067 |     40 |      0 |    826 |   2 |  553.5 |
               +--------+--------+--------+--------+--------+-----+--------+

Top non-repeatable levels by time:
     D:1: 783 daAuts
     D:2: 324 daAuts
